 Dungeon Crawl Stone Soup version 0.22.1-2-g9c5b331383 (webtiles) character file.

163 Adamkad1 the Charmwright (level 5, -4/35 HPs)
             Began as a Halfling Skald on Dec 19, 2018.
             Killed from afar by an orc wizard (7 damage)
             ... with a magic dart
             ... on level 3 of the Dungeon.
             The game lasted 00:06:04 (3356 turns).

Adamkad1 the Charmwright (Halfling Skald)           Turns: 3356, Time: 00:06:05

Health: -4/35      AC:  4    Str: 12    XL:     5   Next: 73%
Magic:  8/8        EV: 15    Int: 11    God:
Gold:   115        SH:  0    Dex: 15    Spells: 0/8 levels left

rFire    . . .     SeeInvis .   a - +0 falchion
rCold    . . .     Gourm    .   (shield restricted)
rNeg     . . .     Faith    .   b - +0 leather armour
rPois    .         Spirit   .   o - +0 helmet
rElec    .         Reflect  .   (no cloak)
rCorr    .         Harm     .   (no gloves)
MR       .....                  (no boots)
Stlth    +.........             (no amulet)
HPRegen  0.11/turn              (no ring)
MPRegen  0.11/turn              (no ring)

@: lethally poisoned (-4 -> -31), very slightly contaminated
A: small, mutation resistance 1
a: no special abilities


You were on level 3 of the Dungeon.
You were hungry.

You visited 1 branch of the dungeon, and saw 3 of its levels.

You collected 115 gold pieces.

Inventory:

Hand Weapons
 a - a +0 falchion (weapon)
 k - a +0 hunting sling
 p - a +0 mace
Missiles
 j - 135 stones (quivered)
Armour
 b - a +0 leather armour (worn)
 o - a +0 helmet (worn)
Jewellery
 m - an uncursed ring of protection from fire {unknown}
Scrolls
 g - 3 scrolls of identify {unknown}
 h - a scroll of enchant armour {unknown}
 i - 4 scrolls of teleportation {unknown}
Potions
 c - a potion of agility {unknown}
 e - a potion of lignification {unknown}
 f - a potion of ambrosia {unknown}
 l - a potion of flight {unknown}
 n - a potion of haste {unknown}
 q - 2 potions of might {unknown}
Comestibles
 d - 7 rations


   Skills:
 + Level 2.5 Fighting
 * Level 3.1 Long Blades
 + Level 0.5 Slings
 - Level 1.8 Armour
 * Level 3.1 Dodging
 + Level 2.1 Spellcasting
 * Level 3.9 Charms
 - Level 0.1 Necromancy


You couldn't memorise any spells.
You knew the following spells:

 Your Spells              Type           Power        Failure   Level  Hunger
a - Infusion              Chrm           #...         8%          1    ##.....
b - Shroud of Golubria    Chrm/Tloc      #.........   24%         2    ###....
c - Song of Slaying       Chrm           #.......     11%         2    ###....
d - Regeneration          Chrm/Necr      #.........   43%         3    ####...

Your spell library contained the following spells:

 Spells                   Type           Power        Failure   Level  Hunger
 Spectral Weapon          Hex/Chrm       #.......     43%         3    ####...


Dungeon Overview and Level Annotations

Branches:
Dungeon (3/15)

Altars:


Innate Abilities, Weirdness & Mutations

You are small and have problems with some larger weapons.
You are somewhat resistant to further mutation.


Message History

You feel sick. The orc wizard barely misses you. The orc closely misses you.
You riposte.
You closely miss the orc.
Unknown command.
You closely miss the orc wizard.
The orc wizard is moderately wounded.
* * * LOW HITPOINT WARNING * * *
You feel sick. The orc hits you with a dagger.
* * * LOW HITPOINT WARNING * * *
The orc wizard hits you with a dagger of venom.
* * * LOW HITPOINT WARNING * * *
You are more poisoned.
You hit the orc wizard.
The orc wizard is heavily wounded.
* * * LOW HITPOINT WARNING * * *
You feel very sick. The orc barely misses you.
You riposte.
You hit the orc.
The orc is heavily wounded.
The orc wizard points at you and mumbles some strange words.
The magic dart hits you!
You die...

.. .........# ####### ..........#
##.....###.....##################
.......'.'....................((.
##.....###....................###
.......# #................)...#
.......# #....=...............#
.......# #......oo............#
...#'### #......@.............#
...#.# #....................#
...#.# #....................#
...#.#####....................#
...#.....#....................#
...#####.#....................#
...'...#.#....................##
...###.#.#.....................#
#### #.#.###############'#####.#


You could see an orc wizard and an orc.

Vanquished Creatures
  An orc wizard (D:3)
  4 adders
  An ooze (D:3)
  A dart slug (D:3)
  2 worms
  3 leopard geckos
  10 orcs
  5 giant cockroaches
  7 goblins
  8 hobgoblins
  2 jackals (D:2)
  5 kobolds
  A quokka (D:3)
  A ball python (D:2)
  11 bats
  4 frilled lizards
  7 rats
73 creatures vanquished.

Notes
Turn   | Place    | Note
-------+----------+-------------------------------------------
     0 | D:1      | Adamkad1 the Halfling Skald began the quest for the Orb.
     0 | D:1      | Reached XP level 1. HP: 14/14 MP: 3/3
   160 | D:1      | Reached XP level 2. HP: 19/19 MP: 4/4
   181 | D:1      | Learned a level 2 spell: Shroud of Golubria
   817 | D:1      | Reached XP level 3. HP: 10/24 MP: 0/5
   987 | D:1      | Learned a level 2 spell: Song of Slaying
  1518 | D:2      | Reached XP level 4. HP: 29/29 MP: 6/6
  2607 | D:3      | Reached XP level 5. HP: 35/35 MP: 8/8
  2775 | D:3      | Learned a level 3 spell: Regeneration
  3356 | D:3      | Killed from afar by an orc wizard

Skill      XL: |  1  2  3  4  5 |
---------------+----------------+-----
Fighting       | 2 |  2.5
Spellcasting   | 2 |  2.1
Dodging        | 3 |  3.1
Long Blades    | 3 |  3.1
Slings         | |  0.5
Armour         | |  1.8
Charms         | |  3.9
Necromancy     | |  0.1

Action                   |  1- 3 |  4- 6 || total
-------------------------+-------+-------++-------
Melee: Falchion          |    75 |   137 ||   212
 Cast: Infusion          |     2 |     8 ||    10
       Song of Slaying   |       |     2 ||     2
       Shroud of Golubri |       |     1 ||     1
 Stab: Sleeping          |     1 |     2 ||     3
  Eat: Chunk             |     2 |     6 ||     8
Armor: Leather armour    |    24 |    23 ||    47
Dodge: Dodged            |    75 |   116 ||   191
       Rpst.: Falchion   |    31 |    43 ||    74
